 Dungeon Crawl Stone Soup version 0.26-a0-113-gd8a95b691d (webtiles) character file.

Game seed: 10889142493425842415

6293 Gargoyl the Schismatic (level 10, 0/83 HPs)
             Began as a Centaur Abyssal Knight on June 25, 2020.
             Was an Elder of Lugonu.
             Slain by Gastronok (9 damage)
             ... on level 8 of the Dungeon.
             The game lasted 00:19:52 (14683 turns).

Gargoyl the Schismatic (Centaur Abyssal Knight)    Turns: 14683, Time: 00:19:52

Health: 0/83       AC: 20    Str: 20      XL:     10   Next: 63%
Magic:  15/15      EV: 10    Int: 16 (17) God:    Lugonu [****..]
Gold:   432        SH:  0    Dex: 10      Spells: 9/9 levels left

rFire    . . .     SeeInvis .   a - +3 hand axe
rCold    + . .     Faith    .   (no shield)
rNeg     . . .     Spirit   .   w - +3 ring mail "Ruligry" {*Contam Str+3}
rPois    .         Reflect  .   I - +1 helmet
rElec    .         Harm     .   e - +2 cloak
rCorr    +                      f - +2 pair of gloves
MR       +....                  (no barding)
Stlth    ..........             (no amulet)
HPRegen  0.23/turn              d - +6 ring of intelligence
MPRegen  0.14/turn              u - ring of resist corrosion

@: stab, very slightly contaminated, slowed, invisible (expiring)
A: large, hooves 3, icy blue scales 1, cold resistance 1, deformed body,
deterioration 1, speed 2, magic resistance 1, tough skin 3
a: Depart the Abyss, Bend Space, Banish, Corrupt, Renounce Religion


You were on level 8 of the Dungeon.
You worshipped Lugonu.
Lugonu was greatly pleased with you.
You were very hungry.

You visited 2 branches of the dungeon, and saw 10 of its levels.
You visited the Abyss 1 time.

You collected 507 gold pieces.
You spent 75 gold pieces at shops.

Inventory:

Hand Weapons
 a - a +3 hand axe (weapon)
Missiles
 b - 3 boomerangs
 g - 4 javelins (quivered)
Armour
 e - a +2 cloak (worn)
 f - a +2 pair of gloves (worn)
 w - the +3 ring mail "Ruligry" (worn) {*Contam Str+3}
   (You found it on level 4 of the Dungeon)

   It affects your strength (+3).
   It causes magical contamination when unequipped.
 I - a +1 helmet (worn)
Jewellery
 d - a +6 ring of intelligence (left hand)
 j - an uncursed ring of ice {unknown}
 u - a ring of resist corrosion (right hand)
 x - an uncursed ring of protection from magic {unknown}
 z - an uncursed ring of fire {unknown}
 E - a +4 ring of protection {unknown}
Wands
 q - a wand of iceblast (6)
 y - a wand of disintegration (14)
 B - a wand of paralysis (9)
 C - a wand of flame (40)
Scrolls
 n - 2 scrolls of fear
 o - 7 scrolls of remove curse
 p - 2 scrolls of identify
 r - 2 scrolls of magic mapping
 t - 4 scrolls of teleportation
 v - 2 scrolls of blinking
 A - a scroll of fog
Potions
 h - a potion of stabbing
 i - a potion of ambrosia
 k - a potion of brilliance
 l - a potion of flight
Comestibles
 c - 17 rations


   Skills:
 + Level 5.8 Fighting
 + Level 7.4 Axes
 + Level 2.7 Throwing
 * Level 6.5 Armour
 * Level 5.4 Dodging
 * Level 7.8 Invocations


You had 9 spell levels left.
You didn't know any spells.
Your spell library contained the following spells:

 Spells                   Type           Power        Failure   Level  Hunger
 Animate Skeleton         Necr           N/A          36%         1    ##.....
 Apportation              Tloc           #.....       36%         1    ##.....
 Corona                   Hex            #......      36%         1    ##.....
 Magic Dart               Conj           #...         36%         1    ##.....
 Summon Small Mammal      Summ           #...         36%         1    ##.....
 Blink                    Tloc           N/A          52%         2    ###....
 Call Imp                 Summ           #.......     52%         2    ###....
 Searing Ray              Conj           #.....       52%         2    ###....
 Slow                     Hex            #.......     52%         2    ###....
 Conjure Flame            Conj/Fire      #.......     75%         3    ####...
 Dazzling Flash           Conj/Hex       #.....       75%         3    ####...
 Mephitic Cloud           Conj/Pois/Air  #.......     75%         3    ####...
 Fulminant Prism          Conj/Hex       #.........   98%         4    #####..
 Iskenderun's Mystic Bla  Conj/Tloc      #.......     98%         4    #####..


Dungeon Overview and Level Annotations

Branches:
Dungeon (9/15)             Temple (0/1) D:7            Lair (1/6) D:8
    Orc: D:9-12

Altars:
Kikubaaqudgha
Nemelex Xobeh

Shops:
D:7 !   D:8 *

Annotations:
D:8 Gastronok
Lair:1 Sonja


Innate Abilities, Weirdness & Mutations

You have hooves in place of feet.
Armour fits poorly on your strangely shaped body.
You cover ground very quickly.
You have extremely tough skin. (AC +3)
You are partially covered in icy blue scales. (AC +2)
Your flesh is cold resistant. (rC+)
Your body sometimes deteriorates upon taking damage.
You are resistant to hostile enchantments. (MR+)


Message History

The river rat bites you but does no damage.
Gastronok mumbles some strange words.
Gastronok puts on a burst of speed!
You hit Gastronok. You kick Gastronok, but do no damage.
Gastronok is almost dead.
The helpless river rat fails to defend itself.
You slash the river rat!
You kill the river rat!
The river rat's corpse disappears in a puff of smoke!
The helpless river rat fails to defend itself.
You hit the river rat.
You kill the river rat!
The river rat's corpse disappears in a puff of smoke!
You slash Gastronok! You kick Gastronok.
Gastronok is almost dead.
Gastronok bites you but does no damage.
You hit Gastronok. You kick Gastronok, but do no damage.
Gastronok is almost dead.
Gastronok bites you!
You die...

######)<.......#########..
#.........# #..
#.#.......#########..
#.#.........<........
#.#........#######... ##
##.#........# #.#. .#
######...........# #...
.## #........ยง..#.##.#
####
..#####.####...w@...##.#
........#
##.########.#######
..#######
#................# .##
#########........# .#
########.#### .# #..... .#
#..... .# ###### ##


You could see Gastronok (swift).

Vanquished Creatures
  Maggie (D:9)
  Psyche (D:9)
  A kobold demonologist (D:6)
  Prince Ribbit (D:6)
  A hippogriff (D:9)
  A hungry ghost (D:6)
  2 soldier ants (D:8)
  3 water moccasins
  2 orc warriors
  3 ice beasts
  3 sky beasts (D:7)
  A black bear (D:7)
  4 ogres
  6 centaurs
  5 bullfrogs
  A scorpion (D:4)
  3 wights (D:7)
  10 killer bees
  2 howler monkeys
  4 crimson imps
  A centaur zombie (D:6)
  Crazy Yiuf (D:2)
  5 orc priests
  6 hounds
  A bullfrog skeleton (D:7)
  A centaur skeleton (D:4)
  8 worker ants
  4 orc wizards
  A hound zombie (D:9)
  2 hound skeletons
  A worker ant zombie (D:5)
  10 adders
  4 gnolls (D:3)
  4 howler monkey skeletons
  A shadow imp (D:5)
  An ooze (D:2)
  5 adder zombies
  6 worms
  3 adder skeletons
  A dart slug (D:1)
  2 leopard geckos
  24 orcs
  2 ball pythons
  5 giant cockroaches
  5 goblins
  8 hobgoblins
  8 jackals
  3 quokkas
  5 bats
  5 frilled lizards
  9 kobolds
  A leopard gecko skeleton (D:4)
  A quokka zombie (D:3)
  7 rats
206 creatures vanquished.

Vanquished Creatures (others)
  A two-headed ogre (D:6)
  An efreet (D:8)
  A hornet (D:8)
  A human (D:3)
  A bush (D:6)
5 creatures vanquished.

Grand Total: 211 creatures vanquished

Notes
Turn   | Place    | Note
-------+----------+-------------------------------------------
     0 | Abyss:1  | Gargoyl the Centaur Abyssal Knight began the quest for the
                  | Orb.
     0 | Abyss:1  | Reached XP level 1. HP: 19/19 MP: 2/2
    42 | Abyss:2  | Noticed a wight
    43 | Abyss:2  | Noticed a wight
    61 | Abyss:2  | Noticed a small abomination
    93 | Abyss:2  | Noticed a large abomination
    94 | Abyss:2  | Noticed a rakshasa
   102 | D:1      | Escaped the Abyss
   208 | D:1      | Reached XP level 2. HP: 10/26 MP: 3/3
   937 | D:1      | Reached * piety under Lugonu
  1244 | D:2      | Reached skill level 1 in Dodging
  1249 | D:2      | Noticed a crimson imp
  1488 | D:2      | Reached XP level 3. HP: 31/31 MP: 4/4
  1579 | D:2      | Reached XP level 4. HP: 40/40 MP: 5/5
  1904 | D:2      | Found a runed translucent door.
  1905 | D:2      | Noticed Crazy Yiuf
  2744 | D:2      | Killed Crazy Yiuf
  2972 | D:3      | Reached XP level 5. HP: 46/46 MP: 7/7
  3041 | D:3      | Reached ** piety under Lugonu
  3044 | D:3      | Found an ancient bone altar of Kikubaaqudgha.
  3185 | D:3      | Noticed a human
  3188 | D:3      | Killed a human
  3412 | D:4      | Reached XP level 6. HP: 43/52 MP: 8/8
  3854 | D:4      | Found a sparkling altar of Nemelex Xobeh.
  3879 | D:4      | Got an ancient ring mail
  3890 | D:4      | Identified the +3 ring mail "Ruligry" {*Contam Str+3} (You
                  | found it on level 4 of the Dungeon)
  4263 | D:5      | Entered Level 5 of the Dungeon
  4328 | D:5      | Reached XP level 7. HP: 59/59 MP: 9/9
  4389 | D:5      | Reached skill level 1 in Throwing
  4844 | D:5      | Reached *** piety under Lugonu
  5683 | D:6      | Noticed a hungry ghost
  5702 | D:6      | Killed a hungry ghost
  5702 | D:6      | Reached XP level 8. HP: 67/67 MP: 11/11
  5972 | D:6      | Reached skill level 5 in Axes
  6037 | D:6      | Reached skill level 5 in Invocations
  6317 | D:6      | Noticed Prince Ribbit
  6328 | D:6      | Killed Prince Ribbit
  6556 | D:7      | Found a staircase to the Ecumenical Temple.
  6868 | D:6      | Reached XP level 9. HP: 42/73 MP: 13/13
  7140 | D:6      | Noticed a kobold demonologist
  7151 | D:6      | Noticed a rust devil
  7159 | D:6      | Noticed a soul eater
  7160 | D:6      | Killed a kobold demonologist
  7160 | D:6      | Reached skill level 5 in Fighting
  7160 | D:6      | Reached skill level 5 in Armour
  7280 | D:6      | Noticed a komodo dragon
  7280 | D:6      | Noticed a two-headed ogre
  7280 | D:6      | Noticed a rakshasa
  7756 | D:7      | Found Wice Bopp's Distillery.
  7767 | D:7      | Bought a potion of heal wounds for 75 gold pieces
  7991 | D:6      | Banished a two-headed ogre
  8002 | D:6      | HP: 2/74 [rakshasa/lance of force (23)]
  9802 | D:8      | Found a staircase to the Lair.
 10147 | D:8      | Found Xaunle's Demolitions Depot.
 10305 | D:8      | Reached XP level 10. HP: 62/81 MP: 15/15
 10340 | D:8      | HP: 4/81 [poisoned by a soldier ant]
 12124 | D:9      | Noticed Maggie
 12143 | D:9      | Killed Maggie
 12143 | D:9      | Reached skill level 5 in Dodging
 12644 | D:9      | Noticed Psyche
 12652 | D:9      | Paralysed by Psyche for 6 turns
 12662 | D:9      | Killed Psyche
 13804 | D:3      | Reached **** piety under Lugonu
 14219 | Lair:1   | Entered Level 1 of the Lair of Beasts
 14225 | Lair:1   | Noticed Gastronok
 14225 | Lair:1   | Noticed Sonja
 14666 | D:8      | Gained mutation: You are partially covered in icy blue
                  | scales. (AC +2) [potion of mutation]
 14666 | D:8      | Gained mutation: Your flesh is cold resistant. (rC+)
                  | [potion of mutation]
 14666 | D:8      | Gained mutation: Your body sometimes deteriorates upon
                  | taking damage. [potion of mutation]
 14666 | D:8      | Gained mutation: You are resistant to hostile enchantments.
                  | (MR+) [potion of mutation]
 14683 | D:8      | Slain by Gastronok

Illustrated notes

Levels and vault maps discovered:
D:1:      heliophobic_arrival_ceremonial_halls, layout_loops_ring,
          amethyst_killhole
D:2:      layout_loops_ring, uniq_crazy_yiuf_cottage
D:3:      layout_rooms, serial_undead, serial_undead_b, serial_undead_a,
          serial_undead_b, serial_undead_f, tgw_kikubaaqudgha
D:4:      layout_rooms, nemelex_xobeh_ov_fountains_minmay, first_ration
D:5:      layout_rooms, kennysheep_generic_room_14
D:6:      minmay_klotski, layout_basic, uniq_prince_ribbit1
D:7:      layout_gridville, minmay_temple_entry_ruins, serial_rivers,
          chequers_serial_rivers_micro_a, chequers_serial_rivers_large_a,
          chequers_serial_rivers_micro_d, chequers_serial_rivers_room_b,
          chequers_serial_rivers_small_a, chequers_serial_rivers_micro_a,
          serial_shops, nicolae_shop_trees, wad_floor_pattern_1
D:8:      layout_loops_ring, lair_entry_dummy, hangedman_pestilent_swarm,
          nicolae_blasting_shop, chequers_serial_rivers_micro_b
D:9:      layout_basic, uniq_psyche, uniq_maggie
Lair:1:   layout_hall_layers, grunt_megastairs_4, infiniplex_staircase_pool_2,
          uniq_joseph, uniq_sonja, uniq_gastronok

Skill      XL: |  1  2  3  4  5  6  7  8  9 10 |
---------------+-------------------------------+-----
Axes           | 2 3 4 5 6 7 |  7.4
Dodging        | 1 2 3 4 5 |  5.4
Armour         | 2 3 4 5 6 |  6.5
Invocations    | 3 4 5 7 |  7.8
Fighting       | 4 5 |  5.8
Throwing       | 1 2 |  2.7

Action                   |  1- 3 |  4- 6 |  7- 9 | 10-12 || total
-------------------------+-------+-------+-------+-------++-------
Melee: Hand axe          |    63 |   244 |   349 |   317 ||   973
       Kick              |     8 |    51 |    94 |    84 ||   237
Throw: Javelin           |     8 |     6 |    30 |       ||    44
Invok: Depart the Abyss  |     1 |       |       |       ||     1
       Banish            |       |       |     6 |     2 ||     8
Evoke: Wand              |       |       |     1 |       ||     1
  Use: Scroll            |     2 |     5 |    14 |     5 ||    26
       Potion            |     1 |     2 |     5 |    13 ||    21
 Stab: Sleeping          |       |       |       |     8 ||     8
  Eat: Chunk             |     1 |     8 |    17 |     8 ||    34
       Ration            |       |       |     2 |     1 ||     3
Armor: Leather armour    |    36 |     6 |       |       ||    42
       Chain mail        |       |   162 |       |       ||   162
       Skin              |       |     7 |       |    21 ||    28
       Ring mail         |       |    16 |   273 |   165 ||   454
Dodge: Dodged            |    34 |    76 |   199 |   155 ||   464

Table legend:
 A = Non-vault XP
 B = Vault XP
 C = Vault XP percentage of total XP
 D = Non-vault monster count
 E = Vault monster count
 F = Vault count percentage of total count
                 A         B        C        D         E       F
            +---------+---------+-------+---------+---------+-------
      Total |    6291 |    2700 |  30.0 |     182 |      27 |  12.9
            +---------+---------+-------+---------+---------+-------
        D:1 |      23 |       0 |   0.0 |      12 |       0 |   0.0
        D:2 |     130 |      41 |  24.0 |      24 |       1 |   4.0
        D:3 |     278 |      67 |  19.4 |      28 |       9 |  24.3
        D:4 |     421 |       0 |   0.0 |      23 |       0 |   0.0
        D:5 |     600 |      99 |  14.2 |      18 |       2 |  10.0
        D:6 |    1109 |    1241 |  52.8 |      12 |       9 |  42.9
        D:7 |    1462 |       0 |   0.0 |      19 |       0 |   0.0
        D:8 |    1241 |     462 |  27.1 |      23 |       4 |  14.8
        D:9 |    1027 |     790 |  43.5 |      23 |       2 |   8.0
            +---------+---------+-------+---------+---------+-------
